 Dungeon Crawl Stone Soup version 0.30-a0-626-gd6a5dd7a1f (webtiles) character file.

Game seed: 4883335682221598247

137547 testman the Bludgeoner (level 16, -11/255 HPs)
             Began as a Troll Berserker on Jan 11, 2023.
             Was a High Priest of Trog.
             Mangled by a bunyip (12 damage)
             ... on level 3 of the Swamp.
             The game lasted 01:32:08 (22220 turns).

testman the Bludgeoner (Troll Berserker)           Turns: 22220, Time: 01:32:09

Health: -11/255    AC: 17    Str: 38    XL:     16   Next: 69%
Magic:  15/15      EV: 16    Int:  7    God:    Trog [*****.]
Gold:   4112       SH:  0    Dex:  9    Spells: 15/15 levels left

rFire   + + .      SeeInvis +    Y - +8 giant spiked club (heavy)
rCold   x . .      Faith    .    (shield currently unavailable)
rNeg    . . .      Spirit   .    V - +2 fire dragon scales
rPois   +          Reflect  .    (helmet restricted)
rElec   .          Harm     .    d - +2 cloak
rCorr   .          Rampage  .    (gloves unavailable)
Will    +++..                    (boots unavailable) Stlth
                                 r - amulet of regeneration
HPRegen 2.22/turn                D - ring "Uxzompe" {rPois Will++ Str+3 Int+4 SInv}
MPRegen 0.14/turn                I - +5 ring of evasion

@: berserking (expiring), studying Throwing, very quick
A: large, unfitting armour, claws 3, regeneration 1, shaggy fur 1, tough skin 1
a: Renounce Religion, Berserk, Trog's Hand, Brothers in Arms


You were on level 3 of the Swamp.
You worshipped Trog.
Trog was extremely pleased with you.
You visited 4 branches of the dungeon, and saw 26 of its levels.
You also visited: Ossuary and Gauntlet.

You collected 4150 gold pieces.
You spent 38 gold pieces at shops.

Inventory:

Hand Weapons
 B - a +0 antimagic giant spiked club
 Y - a +8 heavy giant spiked club (weapon)
Missiles
 f - 3 datura-tipped darts
 g - 7 silver javelins
 j - 25 boomerangs
 C - 13 atropa-tipped darts
 J - 11 poisoned darts
 L - 38 large rocks (quivered)
 M - a throwing net
 X - 4 javelins
Armour
 d - a +2 cloak (worn)
 A - a scarf of repulsion
 V - +2 fire dragon scales (worn)
Jewellery
 b - an amulet of reflection
 i - a ring of resist corrosion
 o - a ring of ice
 r - an amulet of regeneration (around neck)
 D - the ring "Uxzompe" (left claw) {rPois Will++ Str+3 Int+4 SInv}
   (You found it in a Gauntlet)

   [ring of poison resistance]

   Str:       It affects your strength (+3).
   Int:       It affects your intelligence (+4).
   rPois:     It protects you from poison.
   SInv:      It lets you see invisible.
   Will:      It greatly increases your willpower.
 I - a +5 ring of evasion (right claw)
 W - an amulet of the acrobat
Wands
 a - a wand of mindburst (9)
 E - a wand of flame (30)
 F - a wand of paralysis (20)
 K - a wand of digging (17)
 Q - a wand of quicksilver (2)
 Z - a wand of roots (23)
Scrolls
 c - 4 scrolls of blinking
 k - 7 scrolls of fog
 l - 2 scrolls of fear
 s - 11 scrolls of teleportation
 u - 6 scrolls of magic mapping
 G - a scroll of identify
 O - 4 scrolls of poison
 P - 2 scrolls of silence
Potions
 h - 18 potions of curing
 m - 2 potions of cancellation
 n - a potion of invisibility
 p - 3 potions of heal wounds
 q - a potion of might
 v - 2 potions of resistance
 w - 2 potions of magic
 x - 5 potions of flight
 z - 2 potions of mutation
 R - a potion of berserk rage
 S - 2 potions of haste
 T - 3 potions of ambrosia
Miscellaneous
 e - a phantom mirror
 t - a box of beasts
 y - a phial of floods
 H - a box of beasts
 N - a condenser vane


   Skills:
 + Level 13.5 Fighting
 + Level 17.0 Maces & Flails
 + Level 13.9 Throwing
 + Level 7.2 Armour
 + Level 12.4 Dodging


You had 15 spell levels left.
You didn't know any spells.
Your spell library contained the following spells:

 Spells                   Type           Power      Damage    Failure   Level
 Cigotuvi's Dreadful Rot  Necr/Pois/Air  0%         N/A       78%         2
 Ignite Poison            Fire/Tmut/Pois 0%         N/A       95%         3
 Animate Dead             Necr           0%         N/A       100%        4
 Petrify                  Tmut/Erth      0%         N/A       100%        4
 Agony                    Necr           0%         N/A       100%        5
 Irradiate                Conj/Tmut      0%         3d11      100%        5
 Metabolic Englaciation   Hex/Ice        0%         N/A       100%        5
 Statue Form              Tmut/Erth      0%         N/A       100%        6


Dungeon Overview and Level Annotations

Branches:
Dungeon (15/15)            Temple (0/1) D:4            Lair (5/5) D:9
  Swamp (4/4) Lair:2        Snake (0/4) Lair:3        Slime (0/5) Lair:4
    Orc (2/2) D:12            Elf (0/3) Orc:2        Vaults (0/5) D:14
 Depths (0/4) D:15        Ossuary (visited)         Gauntlet (visited)

Altars:
Cheibriados
Dithmenos
Fedhas
Hepliaklqana
Kikubaaqudgha
Makhleb
Qazlal
Ru
Sif Muna
Trog
Uskayaw
Vehumet
Zin
The Shining One

Shops:
D:8 [   D:9 [   D:14 [   D:15 =   Orc:2 [(*((

Annotations:
D:3 3 runed translucent doors, KryptKrawler's ghost, amateur HOMo; TwistedFlax's ghost, amateur AtWr; bande's ghost, amateur GrFi; testman's ghost, amateur HuWn


Innate Abilities, Weirdness & Mutations

You are too large for most types of armour.
You have claws for hands.
Your natural rate of healing is unusually fast.
You are covered in fur. (AC +1)
You have tough skin. (AC +1)


Message History

The swamp worm seems to grow more fierce.
The bunyip seems to grow more fierce.
The tyrant leech seems to grow more fierce.
The six-headed hydra seems to grow more fierce.
You kill the spriggan druid!
Trog accepts your kill.
Trog appreciates your killing of a magic user.
The vampire mosquito misses you.
The vampire mosquito bites you but does no damage.
The vampire mosquito barely misses you. The vampire mosquito misses you.
You closely miss the bunyip. The vampire mosquito barely misses you.
The vampire mosquito bites you.
* * * LOW HITPOINT WARNING * * *
The vampire mosquito draws strength from your injuries!
The vampire mosquito closely misses you.
A tyrant leech comes into view.
The swamp worm bites you.
* * * LOW HITPOINT WARNING * * *
There is a stone staircase leading up here.
You feel a strong urge to attack something.
The vampire mosquito barely misses you. The bunyip closely misses you.
The bunyip claws you!!!
* * * LOW HITPOINT WARNING * * *
The bunyip barely misses you.
You climb upwards.
There is a stone staircase leading down here.
You spit the bunyip like a pig!!!
The bunyip is heavily wounded.
The vampire mosquito closely misses you. x2
You barely miss the bunyip.
The bunyip is heavily wounded.
The vampire mosquito completely misses you.
The vampire mosquito bites you but does no damage.
You sock the bunyip!
The bunyip is heavily wounded.
The vampire mosquito closely misses you.
The bunyip barely misses you. The bunyip claws you!!!
* * * LOW HITPOINT WARNING * * *
The bunyip claws you!
You die...

.♣♣ ♣♣♣≈ ♣<..♣ ~.♣
♣♣≈≈♣♣♣ ♣♣..♣ .♣♣ ≈≈≈≈≈
♣..♣♣♣ ~♣♣ ♣≈≈≈ ♣♣...♣
~.♣ ♣≈≈♣♣♣♣ ♣♣..♣♣♣ ..♣♣
♣♣♣≈♣♣§♣♣♣ ♣♣.~.~♣
.~~♣♣♣♣~~...♣~~♣♣♣.♣~♣~♣
~♣.~♣♣.~.~~.♣~~~♣♣.♣~.♣♣
.♣♣~~...~...♣~~.@x.♣~♣♣
~.♣♣♣[.≈~♣.~~♣♣~~y.♣.♣
♣.~..[.~♣♣♣♣~..~~..♣.♣
♣.~§.~÷~♣♣ ♣♣♣♣...~~~♣
...~.~~~.♣ ♣♣♣.♣♣~♣
.~~.~~~~.♣♣ ♣...~♣
~~♣.~~~.~~♣♣♣ ♣...~♣
.~..♣.~~~..~♣♣♣♣♣...♣♣
♣~..♣~~.~§.~.~....~.♣


You could see a bunyip (strong) and a vampire mosquito.

Vanquished Creatures
  Nikola (Swamp:1)
  4 thorn hunters
  A fenstrider witch (Swamp:3)
  A fire giant (D:15)
  An ironbound preserver (D:14)
  The ghost of Yheidum the Warrior, a journeyman MiFi of Okawaru (Lair:1)
  3 eleionomae
  A bunyip (Swamp:1)
  2 minotaurs
  19 slime creatures
  The ghost of jasper the Thaumaturge, a journeyman DgCj (Lair:3)
  Snorg (D:11)
  2 shambling mangroves (Swamp:2)
  A fire dragon (Lair:5)
  2 ghost crabs (Swamp:1)
  21 hydras
  2 ogre magi (D:15)
  6 boulder beetles
  6 centaur warriors
  5 alligators
  11 two-headed ogres
  2 tengu warriors
  5 death yaks (Gauntlet)
  2 orc high priests (Orc:2)
  Urug (D:13)
  Nergalle (D:12)
  2 skeletal warriors
  6 goliath frogs
  A spriggan druid (Swamp:4)
  2 bog bodies
  A lindwurm (Lair:2)
  3 orc knights (Orc:2)
  7 swamp dragons
  Pikel (D:7)
  3 deep elf pyromancers
  A wizard (D:14)
  2 oklob plants (Swamp:2)
  7 manticores
  2 orc sorcerers (Orc:2)
  3 ugly things (D:14)
  7 cyclopes
  A wolf spider (Lair:5)
  4 will-o-the-wisps
  12 elephants
  2 guardian serpents
  10 black mambas
  A torpor snail (shapeshifter) (D:15)
  A torpor snail (Gauntlet)
  2 gargoyles (D:14)
  20 cane toads
  4 rime drakes
  2 kobold demonologists (D:13)
  17 komodo dragons
  A tengu conjurer (D:15)
  3 polar bears
  6 hornets
  A tarantella (shapeshifter) (D:15)
  5 trolls
  7 tyrant leeches
  A raiju (Gauntlet)
  25 blink frogs
  Grinder (D:6)
  A vampire (D:12)
  A centaur simulacrum (D:14)
  3 shadows (Gauntlet)
  A spriggan (Swamp:1)
  Eustachio (D:6)
  9 basilisks
  24 yaks
  A wraith (D:13)
  7 steam dragons
  16 wyverns
  18 vampire mosquitoes
  4 redbacks
  8 swamp worms
  A warg (Orc:2)
  3 nagas (Lair:3)
  3 acid dragons
  26 water moccasins
  4 swamp drakes
  An ice beast (D:6)
  23 orc warriors
  13 ogres
  4 black bears
  14 wolves
  9 centaurs
  A phantom (D:6)
  A lemure (D:7)
  3 gnoll sergeants
  A necrophage (D:6)
  7 bullfrogs
  A scorpion (D:6)
  8 wights
  6 killer bees (D:11)
  An electric eel (Lair:2)
  A howler monkey (D:13)
  A howler monkey (shapeshifter) (D:14)
  15 orc priests
  5 jellies
  25 orc wizards
  8 iguanas
  8 mummies (Ossuary)
  22 gnolls
  3 adders
  2 ufetubi
  A worm (D:4)
  5 dart slugs
  71 orcs
  8 bats
  12 endoplasms
  3 giant cockroaches
  A gnoll zombie (Ossuary)
  7 goblins
  A hobgoblin (D:2)
  6 jackals
  8 kobolds
  4 quokkas
  9 ball pythons
  2 frilled lizards (D:2)
  3 hobgoblin zombies (Ossuary)
  3 kobold zombies (Ossuary)
  An orc zombie (Ossuary)
  3 rats
  2 briar patches (Swamp:2)
741 creatures vanquished.

Vanquished Creatures (collateral kills)
  An orc warlord (Orc:2)
  A boulder beetle (Lair:2)
  A wyvern (Lair:2)
  3 orc warriors (Orc:2)
  2 orcs (Orc:2)
8 creatures vanquished.

Vanquished Creatures (others)
  2 bloated husks
  An iguana (Lair:5)
  An orc wizard (D:9)
  17 foxfires
  32 fungi
  103 plants
156 creatures vanquished.

Grand Total: 905 creatures vanquished

Notes
Turn   | Place    | Note
-------+----------+-------------------------------------------
     0 | D:1      | testman the Troll Berserker began the quest for the Orb.
     0 | D:1      | Reached XP level 1. HP: 22/22 MP: 0/0
   309 | D:1      | Reached skill level 3 in Maces & Flails
   408 | D:1      | Reached XP level 2. HP: 27/29 MP: 1/1
   762 | D:1      | Reached ** piety under Trog
  1048 | D:1      | Reached XP level 3. HP: 37/37 MP: 2/2
  1671 | D:2      | Reached XP level 4. HP: 45/45 MP: 3/3
  1760 | D:2      | Reached skill level 4 in Maces & Flails
  2054 | D:3      | Reached XP level 5. HP: 39/54 MP: 4/4
  2084 | D:3      | Found Ranepp's Assorted Antiques.
  2174 | D:3      | Found a runed translucent gate.
  2175 | D:3      | Found a runed translucent gate.
  2177 | D:3      | Found a runed translucent gate.
  2177 | D:3      | Noticed bande's ghost (amateur GrFi)
  2177 | D:3      | Noticed KryptKrawler's ghost (amateur HOMo)
  2178 | D:3      | Noticed TwistedFlax's ghost (amateur AtWr)
  2178 | D:3      | Noticed testman's ghost (amateur HuWn)
  2359 | D:4      | Identified a scroll of acquirement
  2359 | D:4      | Acquired a manual of Maces & Flails
  2376 | D:4      | Noticed a black bear
  2382 | D:4      | Killed a black bear
  2383 | D:4      | Reached skill level 5 in Maces & Flails
  2392 | D:4      | Reached *** piety under Trog
  2401 | D:4      | Reached XP level 6. HP: 52/62 MP: 5/5
  2472 | D:4      | Found a staircase to the Ecumenical Temple.
  2570 | D:4      | Found a sand-covered staircase.
  2604 | Ossuary  | Entered an ossuary
  2644 | Ossuary  | Reached skill level 6 in Maces & Flails
  3047 | D:4      | Found a sacrificial altar of Ru.
  3250 | D:5      | Entered Level 5 of the Dungeon
  3266 | D:5      | Reached skill level 5 in Fighting
  3266 | D:5      | Reached XP level 7. HP: 59/72 MP: 6/6
  3454 | D:5      | Reached skill level 7 in Maces & Flails
  3494 | D:5      | Found a glowing silver altar of Zin.
  3545 | D:5      | Found a glowing golden altar of the Shining One.
  3575 | D:5      | Found a snail-covered altar of Cheibriados.
  3837 | D:5      | Found a bloodstained altar of Trog.
  4109 | D:6      | Reached skill level 8 in Maces & Flails
  4208 | D:6      | Reached XP level 8. HP: 83/83 MP: 7/7
  4283 | D:6      | Found an ancient bone altar of Kikubaaqudgha.
  4636 | D:6      | Reached skill level 9 in Maces & Flails
  4636 | D:6      | Reached skill level 1 in Throwing
  4744 | D:6      | Noticed Eustachio
  4769 | D:6      | Killed Eustachio
  4791 | D:6      | Noticed Grinder
  4796 | D:6      | Killed Grinder
  4964 | D:7      | Reached **** piety under Trog
  4965 | D:7      | Reached XP level 9. HP: 92/92 MP: 8/8
  5184 | D:7      | Noticed Pikel
  5210 | D:7      | Killed Pikel
  5211 | D:7      | Reached skill level 10 in Maces & Flails
  5369 | D:8      | Found Wevajy's Antique Armour Shop.
  5466 | D:8      | Reached skill level 5 in Dodging
  5504 | D:8      | Reached skill level 11 in Maces & Flails
  5702 | D:8      | Reached XP level 10. HP: 87/104 MP: 9/9
  5813 | D:8      | Found a burning altar of Makhleb.
  5990 | D:8      | You fall into a shaft and drop 1 floor!
  5992 | D:9      | Noticed a two-headed ogre
  5997 | D:9      | Killed a two-headed ogre
  6050 | D:9      | Found Timaoc's Antique Armour Emporium.
  6058 | D:9      | Noticed a two-headed ogre
  6069 | D:9      | Killed a two-headed ogre
  6070 | D:9      | Reached skill level 5 in Throwing
  6235 | D:9      | Found a staircase to the Lair.
  6360 | D:9      | Noticed a two-headed ogre
  6365 | D:9      | Killed a two-headed ogre
  6366 | D:9      | Reached skill level 12 in Maces & Flails
  6482 | D:9      | Paralysed by a hornet for 3 turns
  6488 | D:9      | Paralysed by a hornet for 3 turns
  6894 | D:10     | Entered Level 10 of the Dungeon
  7284 | D:10     | Noticed a two-headed ogre
  7294 | D:10     | Killed a two-headed ogre
  7295 | D:10     | Reached XP level 11. HP: 113/113 MP: 10/10
  7569 | D:10     | Found a stormy altar of Qazlal.
  7577 | D:10     | Found a hazy altar of Hepliaklqana.
  7584 | D:10     | Found a shimmering blue altar of Sif Muna.
  7591 | D:10     | Found a hide-covered altar of Uskayaw.
  7597 | D:10     | Found a blossoming altar of Fedhas.
  7599 | D:10     | Noticed a two-headed ogre
  7607 | D:10     | Killed a two-headed ogre
  7648 | D:10     | Found a shadowy altar of Dithmenos.
  7653 | D:10     | Found a radiant altar of Vehumet.
  7799 | D:11     | Noticed Snorg
  7812 | D:11     | Killed Snorg
  8061 | D:11     | Found Osmetta's Antique Weapon Shoppe.
  8141 | D:11     | Reached skill level 13 in Maces & Flails
  8152 | D:11     | Noticed a centaur warrior
  8156 | D:11     | Killed a centaur warrior
  8510 | D:12     | Noticed a centaur warrior
  8549 | D:12     | Killed a centaur warrior
  8582 | D:12     | Noticed Nergalle
  8589 | D:12     | Killed Nergalle
  8598 | D:12     | Found a staircase to the Orcish Mines.
  8662 | D:12     | Found a gate leading to a gauntlet.
  8676 | Gauntlet | Entered a Gauntlet
  8676 | Gauntlet | Found a transporter.
  8683 | Gauntlet | Found a transporter.
  8685 | Gauntlet | Found a transporter.
  8693 | Gauntlet | Noticed a necromancer
  8696 | Gauntlet | Found a transporter.
  8699 | Gauntlet | Found a transporter.
  8707 | Gauntlet | Found a transporter.
  8720 | Gauntlet | Noticed a necromancer
  8720 | Gauntlet | Noticed a death yak
  8721 | Gauntlet | Noticed a death yak
  8722 | Gauntlet | Noticed a death yak
  8723 | Gauntlet | Found a transporter.
  8723 | Gauntlet | Noticed a death yak
  8730 | Gauntlet | Noticed a death yak
  8730 | Gauntlet | Noticed a death yak
  8730 | Gauntlet | Noticed a death yak
  8732 | Gauntlet | Noticed a death yak
  8734 | Gauntlet | Found a transporter.
  8742 | Gauntlet | Noticed a death yak
  8747 | Gauntlet | Found a transporter.
  8747 | Gauntlet | Noticed a death yak
  8747 | Gauntlet | Noticed a death yak
  8748 | Gauntlet | Noticed a death yak
  8748 | Gauntlet | Noticed a death yak
  8748 | Gauntlet | Noticed a death yak
  8748 | Gauntlet | Noticed a death yak
  8762 | Gauntlet | Found a transporter.
  8777 | Gauntlet | Found a transporter.
  8777 | Gauntlet | Found a transporter.
  8796 | Gauntlet | Noticed a necromancer
  8814 | Gauntlet | Found a runed translucent door.
  8818 | Gauntlet | Found a runed translucent door.
  8820 | Gauntlet | Found a transporter.
  8834 | Gauntlet | Found a transporter.
  9030 | Gauntlet | Killed a death yak
  9041 | Gauntlet | Killed a death yak
  9042 | Gauntlet | Reached XP level 12. HP: 86/126 MP: 11/11
  9050 | Gauntlet | Killed a death yak
  9058 | Gauntlet | Killed a death yak
  9118 | Gauntlet | Killed a death yak
  9119 | Gauntlet | Identified the ring "Uxzompe" {rPois Will++ Str+3 Int+4
                  | SInv}
  9192 | Gauntlet | Noticed a minotaur
  9212 | Gauntlet | Killed a minotaur
  9239 | Gauntlet | Got Tyrar's Codex of Mutated Stolen Souls
  9391 | D:12     | Reached skill level 14 in Maces & Flails
  9656 | D:12     | Reached skill level 10 in Fighting
 10104 | D:13     | Found a blossoming altar of Fedhas.
 10269 | D:13     | Noticed a boulder beetle
 10277 | D:13     | Killed a boulder beetle
 10281 | D:13     | Noticed Urug
 10357 | D:13     | Killed Urug
 10393 | D:13     | Noticed a four-headed hydra
 10393 | D:13     | Noticed a tengu warrior
 10400 | D:13     | Killed a four-headed hydra
 10411 | D:13     | Killed a tengu warrior
 10451 | D:13     | Noticed a four-headed hydra
 10459 | D:13     | Killed a four-headed hydra
 10581 | D:13     | Noticed a two-headed ogre
 10589 | D:13     | Killed a two-headed ogre
 10590 | D:13     | Reached XP level 13. HP: 135/135 MP: 12/12
 11289 | D:14     | Found Leumae's Armour Shoppe.
 11941 | D:14     | Found a gate to the Vaults.
 11941 | D:14     | Noticed an ironbound preserver
 11949 | D:14     | Reached skill level 10 in Throwing
 11949 | D:14     | Killed an ironbound preserver
 11950 | D:14     | Reached skill level 15 in Maces & Flails
 12051 | D:15     | Entered Level 15 of the Dungeon
 12314 | D:15     | Reached skill level 10 in Dodging
 12590 | D:15     | Found a staircase to the Depths.
 12590 | D:15     | Noticed a fire giant
 12621 | D:15     | Killed a fire giant
 12705 | D:15     | Reached XP level 14. HP: 107/146 MP: 13/13
 12841 | D:15     | Reached skill level 1 in Armour
 12927 | D:15     | Found a shimmering blue altar of Sif Muna.
 13021 | D:15     | Found Baevvab's Jewellery Shop.
 13291 | Lair:1   | Entered Level 1 of the Lair of Beasts
 13306 | Lair:1   | Found a runed translucent gate.
 13306 | Lair:1   | Found a runed translucent gate.
 13306 | Lair:1   | Found a runed translucent gate.
 13307 | Lair:1   | Noticed Yheidum's ghost (journeyman MiFi)
 13515 | Lair:1   | Reached ***** piety under Trog
 14064 | Lair:1   | Killed Yheidum's ghost
 14441 | Lair:2   | Found a staircase to the Swamp.
 14505 | Lair:2   | Received a gift from Trog
 14571 | Lair:2   | Found the +18 Lear's hauberk
 14981 | Lair:2   | Found the +3 pair of seven-league boots {Rampage+∞}
 15132 | Lair:3   | Found a staircase to the Snake Pit.
 15452 | Lair:3   | Found a runed translucent gate.
 15453 | Lair:3   | Found a runed translucent gate.
 15453 | Lair:3   | Noticed jasper's ghost (journeyman DgCj)
 15457 | Lair:3   | Found a runed translucent gate.
 16092 | Lair:3   | Killed jasper's ghost
 16142 | Lair:4   | Acquired 947 gold pieces
 16170 | Lair:4   | Reached XP level 15. HP: 124/158 MP: 14/14
 16298 | Lair:4   | Reached skill level 16 in Maces & Flails
 16298 | Lair:4   | Found a runed translucent door.
 16368 | Lair:4   | Found a staircase to the Slime Pits.
 17110 | Lair:5   | Entered Level 5 of the Lair of Beasts
 17373 | Lair:4   | Received a gift from Trog
 17546 | Lair:5   | Paralysed by a hornet for 3 turns
 17575 | Lair:5   | Reached skill level 5 in Armour
 18032 | Lair:5   | Identified the +7 mace "Viusirimp" {elec, rC+ SInv Stlth+}
 18193 | Lair:5   | Acquired a manual of Throwing
 18675 | Orc:1    | Entered Level 1 of the Orcish Mines
 18860 | Orc:2    | Entered Level 2 of the Orcish Mines
 19093 | Orc:2    | Found a staircase to the Elven Halls.
 19209 | Orc:2    | Identified the +7 bardiche of Vathorr {flame, Contam Fly
                  | rC+} (Trog gifted it to you on level 2 of the Orcish Mines)
 19209 | Orc:2    | Received a gift from Trog
 19598 | Orc:2    | Found Denlug's Gadget Gallery.
 19627 | Orc:2    | Found Afollam's Antique Weapon Shop.
 19666 | Orc:2    | Found Teuw's Weapon Emporium.
 19903 | Orc:2    | Bought 4 atropa-tipped darts for 38 gold pieces
 20094 | Orc:2    | Found Zafuib's Antique Weapon Shop.
 20096 | Orc:2    | Found Ecosch's Antique Armour Boutique.
 20324 | Swamp:1  | Entered Level 1 of the Swamp
 20325 | Swamp:1  | Identified the +2 pair of gloves of Hatzitat {rPois rCorr
                  | Int+4}
 20325 | Swamp:1  | Noticed Nikola
 20335 | Swamp:1  | Killed Nikola
 20336 | Swamp:1  | Reached XP level 16. HP: 169/169 MP: 15/15
 20391 | Swamp:1  | Noticed a thorn hunter
 20437 | Swamp:1  | Killed a thorn hunter
 20500 | Swamp:1  | Received a gift from Trog
 20536 | Swamp:1  | HP: 7/169 [acid (7)]
 21190 | Swamp:2  | Noticed a thorn hunter
 21195 | Swamp:2  | Killed a thorn hunter
 21235 | Swamp:2  | You fall into a shaft and drop 1 floor!
 21311 | Swamp:2  | Noticed a thorn hunter
 21321 | Swamp:2  | Killed a thorn hunter
 21367 | Swamp:2  | Noticed a thorn hunter
 21378 | Swamp:2  | Killed a thorn hunter
 21810 | Swamp:3  | Reached skill level 17 in Maces & Flails
 22203 | Swamp:4  | Entered Level 4 of the Swamp
 22220 | Swamp:3  | HP: 1/255 [bunyip (45)]
 22220 | Swamp:3  | Mangled by a bunyip

Illustrated notes

Levels and vault maps discovered:
D:1:      dpeg_arrival_water_temple_mockup, layout_basic, minmay_heptomino_d4
D:2:      minmay_angry_zag, layout_basic, nrook_uturn
D:3:      layout_rooms, serial_shops, shop, gammafunk_ghost_cemetery
D:4:      layout_loops_ring, nicolae_ru_path_of_blood,
          minmay_temple_entry_purple_smoke, nicolae_ossuary_entry_ruins
D:5:      layout_loops_ring, marbit_many_paths,
          mainiacjoe_overflow_surrounded_room, nicolae_overflow_hidden_temple,
          general_overflow_altar, st_stairs_7
D:6:      layout_basic, kiku_gazebo_garden_becter, uniq_grinder, uniq_eustachio
D:7:      layout_basic, uniq_pikel
D:8:      layout_basic, mainiacjoe_overflow_alcove_4, serial_shops,
          kennysheep_little_box, hangedman_abyss_or_decor_clamps,
          minmay_diced_spiral, uniq_psyche
D:9:      layout_roguey, david_lair_shrubbed, serial_shops,
          nicolae_shop_overgrown_old_shop
D:10:     layout_loops_cross, grunt_temple_overflow_octagram
D:11:     layout_loops_ring, serial_shops, nicolae_shop_trees, uniq_snorg
D:12:     layout_basic, minmay_orc_entry_temple_small, gauntlet_entry_generic,
          amcnicky_mini_pool_small, uniq_nergalle
D:13:     nzn_winding_woodlands_medium [nzn_winding_woodlands_hourglass,
          nzn_winding_woodlands_5x15_default, nzn_winding_woodlands_5x5_cross,
          nzn_winding_woodlands_5x5_open_star,
          nzn_winding_woodlands_center_lodge,
          nzn_winding_woodlands_5x5_checkerboard,
          nzn_winding_woodlands_5x5_perimeter,
          nzn_winding_woodlands_5x15_concentric,
          nzn_winding_woodlands_5x5_default], layout_basic, fedhas_altar_3,
          uniq_urug
D:14:     layout_stronghold, skrybe_vaults_entry_preservation, serial_shops,
          nicolae_take_the_stairs
D:15:     grunt_enter_depths_giant_problem, layout_basic, lemuel_doored_altar,
          serial_shops, shop
Lair:1:   layout_regular_city, maelrawn_ghost_gauntlet_escape,
          lemuel_fruit_tree, grunt_megastairs_5
Lair:2:   layout_hall_layers, swamp_mist_pool,
          hellmonk_guarded_unrand_seven_league_boots,
          infiniplex_staircase_pool_2
Lair:3:   layout_layer_cave, guppyfry_snake_entry_island, gammafunk_ghost_split,
          grunt_megastairs_1
Lair:4:   layout_cellular_growth, slime_entry_2
Lair:5:   hangedman_lair_tendril_chambers, layout_concentric_octagons,
          guppyfry_lair_end_dragon
Swamp:1:  layout_basic_swamp, evilmike_swamp_ruin_house_5, uniq_nikola
Swamp:2:  nicolae_swamp_phyte_club, layout_falls_marsh, serial_swamp_ruin,
          evilmike_swamp_ruin_house_4, evilmike_swamp_ruin_house_2, swamp_pool2
Swamp:3:  layout_falls_marsh, hangedman_swamp_ruin_wall, swamp_pool5
Swamp:4:  nzn_swamp_witches_coven, layout_basic_swamp, swamp_pool2, uniq_roxanne
Orc:1:    layout_caves
Orc:2:    grunt_orc_community_town_hall, layout_caves,
          grunt_orc_community_big_house_1, grunt_orc_community_big_house_1,
          grunt_orc_community_house_3, grunt_orc_community_house_3,
          grunt_orc_community_house_3, grunt_orc_community_house_2,
          grunt_orc_community_house_3, grunt_orc_community_house_3,
          nicolae_shop_gadgets

Skill      XL: |  1  2  3  4  5  6  7  8  9 10 11 12 13 14 15 16 |
---------------+-------------------------------------------------+-----
Maces & Flails | 3 4 5 6 8 9 11 12 13 14 15 16 17 | 17.0
Fighting       | 3 4 5 6 7 8 9 10 11 12 13 | 13.5
Throwing       | 2 4 6 7 9 10 11 12 13 | 13.9
Dodging        | 3 5 6 7 9 10 11 12 | 12.4
Armour         | 4 6 7 |  7.2

Action                   |  1- 3 |  4- 6 |  7- 9 | 10-12 | 13-15 | 16-18 || total
-------------------------+-------+-------+-------+-------+-------+-------++-------
Melee: Mace              |   141 |    32 |       |       |       |       ||   173
       Punch             |     2 |     2 |       |       |       |       ||     4
       Whip              |       |   169 |    49 |    49 |       |       ||   267
       Giant club        |       |       |    22 |       |       |       ||    22
       Giant spiked club |       |       |    98 |   393 |   985 |   154 ||  1630
Throw: Boomerang         |       |       |       |     6 |       |       ||     6
       Large rock        |       |       |       |     2 |    41 |    54 ||    97
Invok: Berserk           |       |     3 |     2 |    20 |    22 |     3 ||    50
       Trog's Hand       |       |       |       |     3 |     4 |     1 ||     8
       Brothers in Arms  |       |       |       |       |     2 |       ||     2
  Use: Scroll            |       |    12 |     3 |     6 |    20 |     3 ||    44
       Potion            |       |       |       |     4 |     5 |     2 ||    11
 Stab: Distracted        |       |       |       |     1 |       |       ||     1
Armor: Animal skin       |    64 |    43 |       |       |       |       ||   107
       Robe              |       |    30 |    32 |       |       |       ||    62
       Steam dragon scal |       |       |    67 |   165 |   342 |       ||   574
       Fire dragon scale |       |       |       |       |   117 |   101 ||   218
Dodge: Dodged            |   102 |   102 |   118 |   355 |  1364 |   223 ||  2264

Table legend: (Time is in decaauts)
 A = Elapsed time spent in this place.
 B = Non-inter-level travel time spent in this place.
 C = Inter-level travel time spent in this place.
 D = Time resting spent in this place.
 E = Time spent auto-exploring this place.
 F = Levels seen in this place.
 G = Mean time per level.
                   A        B        C        D        E       F      G
               +--------+--------+--------+--------+--------+-----+--------+
         Total |  23101 |  21731 |   1370 |   1621 |  14839 |  28 |  825.0 |
       Dungeon |  12979 |  12194 |    785 |    917 |   8721 |  15 |  865.3 |
          Lair |   5817 |   5449 |    368 |    589 |   3370 |   5 | 1163.4 |
         Swamp |   1820 |   1740 |     80 |      0 |   1244 |   4 |  455.0 |
  Orcish Mines |   1595 |   1460 |    135 |      0 |   1076 |   2 |  797.5 |
       Ossuary |    226 |    226 |      0 |      0 |    116 |   1 |  226.0 |
      Gauntlet |    661 |    661 |      0 |    114 |    312 |   1 |  661.0 |
               +--------+--------+--------+--------+--------+-----+--------+

Top non-repeatable levels by time:
  Lair:4: 1492 daAuts
     D:1: 1408 daAuts
   Orc:2: 1211 daAuts
    D:13: 1209 daAuts
    D:15: 1168 daAuts
  Lair:3: 1159 daAuts
  Lair:2: 1110 daAuts
  Lair:5: 1104 daAuts
     D:9: 1070 daAuts
    D:12: 973 daAuts
    D:14: 966 daAuts
    D:10: 963 daAuts
  Lair:1: 950 daAuts
     D:6: 913 daAuts
 Swamp:2: 809 daAuts
